BSA
PLYMOUTH ROCKS @ BOSTON REBELS
07/06/2024
 
TOP OF THE 1ST
Plymouth Rocks batting - Pitching for Boston Rebels : LHP Luis Valentín
Pitching: LHP Luis Valentín
Batting: RHB Dexter Potter 0-0: Ball
1-0: Ball
2-0: Called Strike
2-1: Foul Ball, location: 2F
2-2: Foul Ball, location: 2F
2-2: Ground out 6-3 (Groundball, 6)
Batting: RHB Yoshinori Sasaki 0-0: Called Strike
0-1: Ball
1-1: Foul Ball, location: 2F
1-2: Ball
2-2: Foul Ball, location: 2F
2-2: Foul Ball, location: 2F
2-2: Strikes out swinging
Batting: LHB Frank Geddes 0-0: Called Strike
0-1: Foul Ball, location: 2F
0-2: Foul Ball, location: 2F
0-2: Foul Ball, location: 2F
0-2: Ball
1-2: Strikes out swinging
Top of the 1st over - 0 run(s), 0 hit(s), 0 error(s), 0 left on base; Plymouth 0 - Boston 0
BOTTOM OF THE 1ST
Boston Rebels batting - Pitching for Plymouth Rocks : RHP John Smith
Pitching: RHP John Smith
Batting: LHB Bill Wilson 0-0: Foul Ball, location: 2F
0-1: Ball
1-1: Called Strike
1-2: SINGLE (Groundball, 34)
Batting: SHB Álex Rosado 0-0: Called Strike
0-1: Foul Ball, location: 2F
0-2: Fly out, F8 (Flyball, 8LD)
Batting: RHB Ronnie Brown 0-0: Called Strike
0-1: Ball
1-1: Called Strike
1-2: Ball
Wild Pitch!
Bill Wilson to second
2-2: Hit by Pitch
Batting: LHB Bill Wilson 0-0: Ball
1-0: Foul Ball, location: 2F
1-1: Ball
2-1: Ball
3-1: Base on Balls
Bill Wilson to third
Ronnie Brown to second
Batting: LHB Jeff Gordon 0-0: Called Strike
0-1: Ball
1-1: Ground out 3-1 (Groundball, 34)
Bill Wilson scores
Ronnie Brown to third
Bill Wilson to second
Batting: LHB Stanley Mullins 0-0: Ball
1-0: Ball
2-0: Ball
3-0: Foul Ball, location: 2F
3-1: Foul Ball, location: 2F
3-2: Fly out, F7 (Flyball, 7D)
Bottom of the 1st over - 1 run(s), 1 hit(s), 0 error(s), 2 left on base; Plymouth 0 - Boston 1
TOP OF THE 2ND
Plymouth Rocks batting - Pitching for Boston Rebels : LHP Luis Valentín
Batting: RHB Frederico Hernández 0-0: Ball
1-0: Fly out, F8 (Flyball, 8LD)
Batting: RHB António Zúñiga 0-0: Called Strike
0-1: Called Strike
0-2: Ball
1-2: Ball
2-2: Foul Ball, location: 2F
2-2: Fly out, F9 (Flyball, 9LD)
Batting: RHB Millard Boyd 0-0: Ball
1-0: Ball
2-0: Ground out 4-3 (Groundball, 4)
Top of the 2nd over - 0 run(s), 0 hit(s), 0 error(s), 0 left on base; Plymouth 0 - Boston 1
BOTTOM OF THE 2ND
Boston Rebels batting - Pitching for Plymouth Rocks : RHP John Smith
Batting: RHB Wilson Gómez 0-0: Called Strike
0-1: Ball
1-1: SINGLE (Groundball, 4M)
Batting: LHB Tony Ramírez 0-0: Ball
1-0: Ball
2-0: Ball
3-0: Called Strike
3-1: Foul Ball, location: 2F
3-2: Grounds into double play, 4-6-3 (Groundball, 34)
Batting: RHB Rubén Matos 0-0: SINGLE (Groundball, 25) (infield hit)
Batting: LHB Bill Wilson 0-0: Swinging Strike
0-1: Ball
1-1: Ball
2-1: Ball
3-1: Foul Ball, location: 2F
3-2: Foul Ball, location: 2F
3-2: Base on Balls
Rubén Matos to second
Batting: SHB Álex Rosado 0-0: Ball
1-0: Called Strike
1-1: Fly out, F8 (Flyball, 8LD)
Bottom of the 2nd over - 0 run(s), 2 hit(s), 0 error(s), 2 left on base; Plymouth 0 - Boston 1
TOP OF THE 3RD
Plymouth Rocks batting - Pitching for Boston Rebels : LHP Luis Valentín
Batting: RHB Tadakuni Sugiyama 0-0: Ball
1-0: Called Strike
1-1: Swinging Strike
1-2: Foul Ball, location: 2F
1-2: Fly out, F5 (Line Drive, 5)
Batting: RHB Alberto Ramos 0-0: Foul Ball, location: 2F
0-1: Foul Ball, location: 2F
0-2: Ball
1-2: Fly out, F2 (Popup, 2LF)
Batting: RHB Alberto Hernández 0-0: Ball
1-0: Foul Ball, location: 2F
1-1: Foul Ball, location: 2F
1-2: Ball
2-2: Strikes out swinging
Top of the 3rd over - 0 run(s), 0 hit(s), 0 error(s), 0 left on base; Plymouth 0 - Boston 1
BOTTOM OF THE 3RD
Boston Rebels batting - Pitching for Plymouth Rocks : RHP John Smith
Batting: RHB Ronnie Brown 0-0: Called Strike
0-1: Ball
1-1: Called Strike
1-2: Foul Ball, location: 2F
1-2: Ground out 4-3 (Groundball, 4M)
Batting: LHB Bill Wilson 0-0: SINGLE (Groundball, 56D)
Batting: LHB Jeff Gordon 0-0: SINGLE (Groundball, 4M)
Bill Wilson to second
Runner from 2nd tries for 3rd, OUT!
Batting: LHB Stanley Mullins 0-0: Foul Ball, location: 2F
0-1: Ball
1-1: Ball
2-1: DOUBLE (Line Drive, 8LD)
Jeff Gordon to third
Batting: RHB Wilson Gómez 0-0: Ball
Passed Ball!
Jeff Gordon scores
Stanley Mullins to third
1-0: SINGLE (Line Drive, 56)
Stanley Mullins scores
Batting: LHB Tony Ramírez 0-0: Ground out 5-3 (Groundball, 5)
Bottom of the 3rd over - 2 run(s), 4 hit(s), 0 error(s), 1 left on base; Plymouth 0 - Boston 3
TOP OF THE 4TH
Plymouth Rocks batting - Pitching for Boston Rebels : LHP Luis Valentín
Batting: RHB Dexter Potter 0-0: Swinging Strike
0-1: SOLO HOME RUN (Flyball, 78XD), Distance : 420 ft
Batting: RHB Yoshinori Sasaki 0-0: Called Strike
0-1: Ball
1-1: Foul Ball, location: 2F
1-2: Ball
2-2: Ground out 4-3 (Groundball, 4)
Batting: LHB Frank Geddes 0-0: Called Strike
0-1: Foul Ball, location: 2F
0-2: Fly out, F9 (Flyball, 89M)
Batting: RHB Frederico Hernández 0-0: Foul Ball, location: 2F
0-1: Ball
1-1: Fly out, F9 (Flyball, 9D)
Top of the 4th over - 1 run(s), 1 hit(s), 0 error(s), 0 left on base; Plymouth 1 - Boston 3
BOTTOM OF THE 4TH
Boston Rebels batting - Pitching for Plymouth Rocks : RHP John Smith
Batting: RHB Rubén Matos 0-0: Called Strike
0-1: Fly out, F9 (Flyball, 9D)
Batting: LHB Bill Wilson 0-0: Called Strike
0-1: Ball
1-1: SINGLE (Line Drive, 9S)
Batting: SHB Álex Rosado 0-0: Ball
1-0: Fly out, F6 (Popup, 5L)
Batting: RHB Ronnie Brown 0-0: Ball
1-0: Called Strike
Bill Wilson steals 2nd base
1-1: Foul Ball, location: 2F
1-2: Foul Ball, location: 2F
1-2: DOUBLE (Groundball, 5L)
Bill Wilson scores
Batting: LHB Bill Wilson 0-0: Ball
1-0: Foul Ball, location: 2F
1-1: Foul Ball, location: 2F
1-2: Strikes out swinging
Bottom of the 4th over - 1 run(s), 2 hit(s), 0 error(s), 1 left on base; Plymouth 1 - Boston 4
TOP OF THE 5TH
Plymouth Rocks batting - Pitching for Boston Rebels : LHP Luis Valentín
Batting: RHB António Zúñiga 0-0: Ball
1-0: Foul Ball, location: 2F
1-1: Ball
2-1: Foul Ball, location: 2F
2-2: Foul Ball, location: 2F
2-2: Foul Ball, location: 2F
2-2: Foul Ball, location: 2F
2-2: Foul Ball, location: 2F
2-2: Foul Ball, location: 2F
2-2: Foul Ball, location: 2F
2-2: Ground out 6-3 (Groundball, 6)
Batting: RHB Millard Boyd 0-0: Called Strike
0-1: Ball
1-1: Foul Ball, location: 2F
1-2: Strikes out swinging
Batting: RHB Tadakuni Sugiyama 0-0: Called Strike
0-1: Ball
1-1: Swinging Strike
1-2: Ball
2-2: Ball
3-2: Base on Balls
Batting: RHB Alberto Ramos 0-0: Fly out, F7 (Flyball, 78S)
Top of the 5th over - 0 run(s), 0 hit(s), 0 error(s), 1 left on base; Plymouth 1 - Boston 4
BOTTOM OF THE 5TH
Boston Rebels batting - Pitching for Plymouth Rocks : RHP John Smith
Batting: LHB Jeff Gordon 0-0: Fly out, F4 (Popup, 4MD)
Batting: LHB Stanley Mullins 0-0: Ball
1-0: SINGLE (Line Drive, 89S)
Batting: RHB Wilson Gómez 0-0: Foul Ball, location: 2F
0-1: Called Strike
0-2: Ball
1-2: Foul Ball, location: 2F
1-2: Foul Ball, location: 2F
1-2: Hit by Pitch
Stanley Mullins to second
Batting: LHB Tony Ramírez 0-0: Called Strike
0-1: Ball
1-1: Ball
2-1: Foul Ball, location: 2F
2-2: Strikes out looking
Batting: RHB Rubén Matos 0-0: Foul Ball, location: 2F
0-1: Ball
1-1: Swinging Strike
1-2: Ball
2-2: Strikes out swinging
Bottom of the 5th over - 0 run(s), 1 hit(s), 0 error(s), 2 left on base; Plymouth 1 - Boston 4
TOP OF THE 6TH
Plymouth Rocks batting - Pitching for Boston Rebels : LHP Luis Valentín
Batting: RHB Alberto Hernández 0-0: Swinging Strike
0-1: Ground out 6-3 (Groundball, 6)
Batting: RHB Dexter Potter 0-0: Foul Ball, location: 2F
0-1: Swinging Strike
0-2: Ball
1-2: Ground out 6-3 (Groundball, 6M)
Batting: RHB Yoshinori Sasaki 0-0: Ball
1-0: Ball
2-0: Ball
3-0: Called Strike
3-1: Ground out 4-3 (Groundball, 4M)
Top of the 6th over - 0 run(s), 0 hit(s), 0 error(s), 0 left on base; Plymouth 1 - Boston 4
BOTTOM OF THE 6TH
Boston Rebels batting - Pitching for Plymouth Rocks : RHP John Smith
Pitching: RHP Pepe Vázquez
Batting: LHB Bill Wilson 0-0: Fly out, F7 (Line Drive, 78M)
Batting: SHB Álex Rosado 0-0: Fly out, F8 (Flyball, 8RXD)
Batting: RHB Ronnie Brown 0-0: Ball
1-0: Called Strike
1-1: Foul Ball, location: 2F
1-2: Ball
2-2: SINGLE (Line Drive, 89S)
Batting: LHB Bill Wilson 0-0: Ball
1-0: Fly out, F7 (Flyball, 7M)
Bottom of the 6th over - 0 run(s), 1 hit(s), 0 error(s), 1 left on base; Plymouth 1 - Boston 4
TOP OF THE 7TH
Plymouth Rocks batting - Pitching for Boston Rebels : LHP Luis Valentín
Batting: LHB Frank Geddes 0-0: Ball
1-0: Ground out 1-3 (Groundball, 15)
Batting: RHB Frederico Hernández 0-0: Ball
1-0: Called Strike
1-1: Fly out, F6 (Line Drive, 6D)
Batting: RHB António Zúñiga 0-0: Swinging Strike
0-1: Ball
1-1: Ball
2-1: Ground out U3 (Groundball, 3)
Top of the 7th over - 0 run(s), 0 hit(s), 0 error(s), 0 left on base; Plymouth 1 - Boston 4
BOTTOM OF THE 7TH
Boston Rebels batting - Pitching for Plymouth Rocks : RHP Pepe Vázquez
Batting: LHB Jeff Gordon 0-0: Foul Ball, location: 2F
0-1: Ball
1-1: Foul Ball, location: 2F
1-2: Foul Ball, location: 2F
1-2: Strikes out swinging
Batting: LHB Stanley Mullins 0-0: Ball
1-0: Ball
2-0: Ball
3-0: Called Strike
3-1: Base on Balls
Batting: RHB Wilson Gómez 0-0: Foul Ball, location: 2F
0-1: Ball
1-1: Ball
2-1: Ball
3-1: Foul Ball, location: 2F
3-2: 2-RUN HOME RUN (Flyball, 7D), Distance : 401 ft
Batting: LHB Tony Ramírez 0-0: SINGLE (Groundball, 6MD)
Batting: RHB Rubén Matos 0-0: Called Strike
0-1: Reached on Error, E8 (Flyball, 8RM)
Tony Ramírez to second
Batting: LHB Bill Wilson 0-0: Swinging Strike
0-1: Foul Ball, location: 2F
0-2: Strikes out swinging
Pitching: RHP Octávio Morín
Batting: SHB Álex Rosado 0-0: Ground out 5-3 (Groundball, 5)
Bottom of the 7th over - 2 run(s), 2 hit(s), 1 error(s), 2 left on base; Plymouth 1 - Boston 6
TOP OF THE 8TH
Plymouth Rocks batting - Pitching for Boston Rebels : LHP Luis Valentín
Pitching: LHP Yoshihiro Hasegawa
Batting: RHB Millard Boyd 0-0: Swinging Strike
0-1: Ground out 2-3 (Groundball, 2R)
Batting: RHB Tadakuni Sugiyama 0-0: Swinging Strike
0-1: Called Strike
0-2: Strikes out looking
Batting: RHB Alberto Ramos 0-0: Ball
1-0: Foul Ball, location: 2F
1-1: Ball
2-1: Foul Ball, location: 2F
2-2: Ball
3-2: Base on Balls
Batting: RHB Alberto Hernández 0-0: Ball
1-0: Foul Ball, location: 2F
1-1: Foul Ball, location: 2F
1-2: Strikes out swinging
Top of the 8th over - 0 run(s), 0 hit(s), 0 error(s), 1 left on base; Plymouth 1 - Boston 6
BOTTOM OF THE 8TH
Boston Rebels batting - Pitching for Plymouth Rocks : RHP Octávio Morín
Batting: RHB Ronnie Brown 0-0: Ground out 6-3 (Groundball, 6)
Batting: LHB Bill Wilson 0-0: Swinging Strike
0-1: Ball
1-1: Swinging Strike
1-2: Ball
2-2: Fly out, F7 (Flyball, 78D)
Batting: LHB Jeff Gordon 0-0: Fly out, F8 (Flyball, 78M)
Bottom of the 8th over - 0 run(s), 0 hit(s), 0 error(s), 0 left on base; Plymouth 1 - Boston 6
TOP OF THE 9TH
Plymouth Rocks batting - Pitching for Boston Rebels : LHP Yoshihiro Hasegawa
Now at 1B: Lorenzo Flores
Batting: RHB Dexter Potter 0-0: Ball
1-0: Ball
2-0: Called Strike
2-1: Foul Ball, location: 2F
2-2: Fly out, F8 (Flyball, 8RS)
Batting: RHB Yoshinori Sasaki 0-0: Ball
1-0: Fly out, F9 (Flyball, 89D)
Batting: LHB Frank Geddes 0-0: Swinging Strike
0-1: Ball
1-1: Ball
2-1: Ball
3-1: Base on Balls
Batting: RHB Frederico Hernández 0-0: Ball
Pickoff Throw to First - Out!
Top of the 9th over - 0 run(s), 0 hit(s), 0 error(s), 0 left on base; Plymouth 1 - Boston 6
This league is powered by Out of the Park Baseball, the baseball management simulation game for PC, Mac and Linux
Saturday, April 9th, 2016 - OOTP Baseball 16.8 Build 38